[ PARTIDA AOE2 · #477856975 ]
UnrankedFrancos vs Koreans
[ ANÁLISIS DE REPETICIÓN · EXTRAÍDO DE LA PARTIDA GRABADA ]
Feudal
10:34
Castillos
21:42
Imperial
39:13
| APM promedio | 10.0 |
| APM pico | 43 |
| eAPM promedio | 6.0 |
| Aldeanos / militares | 64 / 182 |
Foco
⚔️ 37.9% · 🌾 62.1%
Scout Cavalry ×125 · Knight ×55 · Battering Ram ×1 · Trebuchet (Packed) ×1
Feudal
10:19
Castillos
29:30
Imperial
55:46
| APM promedio | 27.9 |
| APM pico | 130 |
| eAPM promedio | 10.1 |
| Aldeanos / militares | 125 / 430 |
Foco
⚔️ 44.6% · 🌾 55.4%
Skirmisher ×205 · Cavalry Archer ×112 · Spearman ×82 · Trade Cart ×30 · Militia ×18 · Trebuchet (Packed) ×7
Feudal
12:20
Castillos
19:39
Imperial
40:56
| APM promedio | 20.6 |
| APM pico | 61 |
| eAPM promedio | 12.1 |
| Aldeanos / militares | 199 / 351 |
Foco
⚔️ 31.9% · 🌾 68.1%
Fire Lancer ×201 · Iron Pagoda ×113 · Knight ×16 · Spearman ×9 · Trebuchet (Packed) ×7 · Monk ×5
Feudal
10:26
Castillos
19:07
Imperial
39:43
| APM promedio | 20.9 |
| APM pico | 65 |
| eAPM promedio | 13.5 |
| Aldeanos / militares | 163 / 814 |
Foco
⚔️ 38.2% · 🌾 61.8%
Scout Cavalry ×225 · Archer ×164 · Camel Scout ×132 · Spearman ×130 · Skirmisher ×105 · Cataphract ×47
Feudal
12:02
Castillos
18:05
Imperial
39:13
| APM promedio | 39.2 |
| APM pico | 91 |
| eAPM promedio | 17.3 |
| Aldeanos / militares | 95 / 231 |
Foco
⚔️ 25.9% · 🌾 74.1%
Conquistador ×215 · Trebuchet (Packed) ×8 · Spearman ×7 · Scout Cavalry ×1
Feudal
9:14
Castillos
25:12
Imperial
32:28
| APM promedio | 26.8 |
| APM pico | 84 |
| eAPM promedio | 11.6 |
| Aldeanos / militares | 147 / 450 |
Foco
⚔️ 38.3% · 🌾 61.7%
Skirmisher ×167 · Ballista Elephant ×80 · Scout Cavalry ×60 · Spearman ×58 · Archer ×42 · Scorpion ×29
Feudal
10:24
Castillos
18:30
Imperial
57:25
| APM promedio | 16.7 |
| APM pico | 47 |
| eAPM promedio | 12.4 |
| Aldeanos / militares | 142 / 196 |
Foco
⚔️ 31.3% · 🌾 68.7%
Knight ×89 · Scout Cavalry ×48 · Skirmisher ×45 · Spearman ×11 · Monk ×2 · Militia ×1
Feudal
12:20
Castillos
—
Imperial
—
| APM promedio | 3.8 |
| APM pico | 35 |
| eAPM promedio | 2.3 |
| Aldeanos / militares | 55 / 4 |
Foco
⚔️ 15.8% · 🌾 84.2%
Scout Cavalry ×4
Mapa de la partida
Recursos iniciales + cada clic de construcción. Líneas = muros · curvas = relieve. ◆ oro · ⬟ piedra · ● bayas · ✦ reliquia · ◌ hueco del cierre
Tu base· Abierta — flanco sin cerrar
Base de ragas0· Abierta — flanco sin cerrar
Base de Bear_Pig_Man· Abierta — hueco de 11t
Base de Uzzman· Abierta — flanco sin cerrar
Base de TwinkieTheKid21· Abierta — hueco de 4t
Base de Andy Garcia· Abierta — flanco sin cerrar
Base de Doorm9· Abierta — hueco de 8t
Base de 夜晚的奖励哥· Abierta — flanco sin cerrar
Terreno inicial suavizado · ◌ = hueco del cierre detectado · pasá el cursor para detalles
Inputs por minuto
— hitmanvoodly - - ragas0
Build order — hitmanvoodly
Primeras 150 de 289 acciones detectadas
| 0:01 | Crear | Villager (Male) |
| 0:02 | Crear | Villager (Male) |
| 0:02 | Crear | Villager (Male) |
| 0:02 | Crear | Villager (Male) |
| 0:03 | Crear | Villager (Male) |
| 0:06 | Construir | House |
| 0:08 | Construir | House |
| 1:30 | Crear | Villager (Male) |
| 2:05 | Crear | Villager (Male) |
| 2:15 | Construir | Lumber Camp |
| 2:19 | Crear | Villager (Male) |
| 2:50 | Crear | Villager (Male) |
| 3:07 | Construir | House |
| 3:16 | Crear | Villager (Male) |
| 3:48 | Crear | Villager (Male) |
| 4:03 | Investigar | Loom |
| 4:51 | Crear | Villager (Male) |
| 5:26 | Crear | Villager (Male) |
| 5:32 | Crear | Villager (Male) |
| 5:55 | Construir | House |
| 6:03 | Crear | Villager (Male) |
| 6:25 | Construir | Mill |
| 6:34 | Crear | Villager (Male) |
| 7:02 | Crear | Villager (Male) |
| 7:20 | Crear | Villager (Male) |
| 7:59 | Crear | Villager (Male) |
| 8:15 | Investigar | Feudal Age |
| 8:29 | Construir | House |
| 9:02 | Construir | Farm |
| 9:08 | Construir | Mining Camp |
| 9:33 | Construir | Barracks |
| 10:02 | Crear | Villager (Male) |
| 10:34 | Edad | Edad Feudal |
| 10:40 | Investigar | Town Watch |
| 10:43 | Investigar | Double-Bit Axe |
| 10:54 | Construir | Stable |
| 11:01 | Crear | Villager (Male) |
| 11:03 | Construir | Farm |
| 11:27 | Crear | Villager (Male) |
| 11:51 | Construir | Farm |
| 11:57 | Crear | Villager (Male) |
| 12:08 | Construir | House |
| 12:11 | Crear | Scout Cavalry |
| 12:21 | Construir | Farm |
| 13:05 | Construir | Farm |
| 13:07 | Crear | Villager (Male) |
| 13:14 | Construir | Farm |
| 13:21 | Crear | Scout Cavalry |
| 13:38 | Construir | Farm |
| 13:40 | Crear | Villager (Male) |
| 14:01 | Crear | Villager (Male) |
| 14:09 | Construir | Farm |
| 14:16 | Crear | Scout Cavalry |
| 14:30 | Crear | Villager (Male) |
| 14:35 | Construir | House |
| 14:52 | Crear | Scout Cavalry |
| 15:03 | Construir | Farm |
| 15:06 | Crear | Villager (Male) |
| 15:30 | Construir | Farm |
| 15:33 | Crear | Villager (Male) |
| 15:37 | Construir | House |
| 16:04 | Construir | Farm |
| 16:07 | Investigar | Wheelbarrow |
| 16:23 | Construir | Blacksmith |
| 17:22 | Construir | Mining Camp |
| 17:34 | Construir | Stable |
| 19:00 | Construir | Farm |
| 19:02 | Investigar | Castle Age |
| 21:42 | Edad | Edad de los Castillos |
| 21:55 | Crear | Villager (Male) |
| 21:59 | Investigar | Bow Saw |
| 22:07 | Investigar | Gold Mining |
| 22:09 | Crear | Villager (Male) |
| 22:28 | Construir | Town Center |
| 22:31 | Crear | Villager (Male) |
| 22:56 | Construir | Town Center |
| 22:59 | Crear | Villager (Male) |
| 23:37 | Construir | Monastery |
| 23:41 | Investigar | Hand Cart |
| 23:47 | Construir | House |
| 25:32 | Crear | Villager (Male) |
| 25:44 | Construir | Siege Workshop |
| 25:49 | Crear | Villager (Male) |
| 25:49 | Crear | Villager (Male) |
| 25:55 | Crear | Villager (Male) |
| 25:55 | Crear | Villager (Male) |
| 26:48 | Investigar | Fletching |
| 27:01 | Crear | Knight |
| 27:04 | Crear | Knight |
| 27:13 | Crear | Villager (Male) |
| 27:32 | Crear | Knight |
| 27:35 | Crear | Knight |
| 27:57 | Construir | Castle |
| 28:13 | Crear | Knight |
| 28:18 | Crear | Knight |
| 28:31 | Construir | Castle |
| 28:39 | Investigar | Husbandry |
| 28:44 | Crear | Knight |
| 28:59 | Investigar | Forging |
| 29:41 | Crear | Knight |
| 29:44 | Crear | Knight |
| 30:23 | Investigar | Scale Barding Armor |
| 30:34 | Crear | Knight |
| 30:36 | Crear | Knight |
| 31:14 | Crear | Knight |
| 31:17 | Crear | Knight |
| 31:58 | Crear | Battering Ram |
| 32:08 | Investigar | Gold Shaft Mining |
| 32:12 | Investigar | Stone Mining |
| 32:32 | Crear | Villager (Male) |
| 32:34 | Crear | Villager (Male) |
| 33:08 | Construir | Stable |
| 33:11 | Crear | Villager (Male) |
| 33:15 | Crear | Villager (Male) |
| 33:30 | Crear | Knight |
| 33:32 | Crear | Knight |
| 33:46 | Investigar | Iron Casting |
| 34:24 | Construir | Stable |
| 34:37 | Crear | Villager (Male) |
| 34:39 | Crear | Villager (Male) |
| 36:03 | Investigar | Imperial Age |
| 36:13 | Construir | Stable |
| 36:27 | Crear | Villager (Male) |
| 37:01 | Construir | House |
| 37:12 | Investigar | Chain Barding Armor |
| 37:27 | Construir | Mining Camp |
| 37:48 | Construir | House |
| 37:51 | Crear | Villager (Male) |
| 38:41 | Crear | Knight ×5 |
| 38:48 | Construir | House |
| 39:13 | Edad | Edad Imperial |
| 39:53 | Construir | Farm |
| 39:55 | Construir | Farm |
| 40:02 | Investigar | Cavalier (upgrade) |
| 40:29 | Construir | Farm |
| 40:31 | Construir | Farm |
| 40:37 | Construir | Farm |
| 40:39 | Construir | Farm |
| 40:43 | Construir | Farm |
| 40:53 | Construir | Farm |
| 40:56 | Construir | Farm |
| 41:07 | Construir | Farm |
| 41:12 | Investigar | Conscription |
| 41:28 | Construir | Farm |
| 41:32 | Construir | Farm |
| 41:35 | Construir | Farm |
| 41:37 | Crear | Villager (Male) |
| 41:39 | Crear | Villager (Male) |
| 41:53 | Crear | Trebuchet (Packed) |
| 42:17 | Crear | Knight ×5 |
Build order — ragas0
Primeras 150 de 400 acciones detectadas
| 0:04 | Construir | House |
| 0:05 | Construir | House |
| 0:07 | Construir | House |
| 0:08 | Crear | Villager (Male) |
| 0:08 | Crear | Villager (Male) |
| 0:08 | Crear | Villager (Male) |
| 0:08 | Crear | Villager (Male) |
| 0:09 | Crear | Villager (Male) |
| 1:57 | Construir | Lumber Camp |
| 2:02 | Crear | Villager (Male) |
| 2:07 | Crear | Villager (Male) |
| 2:58 | Crear | Villager (Male) |
| 3:26 | Crear | Villager (Male) |
| 3:52 | Crear | Villager (Male) |
| 4:05 | Crear | Villager (Male) |
| 5:18 | Construir | Mill |
| 5:44 | Crear | Villager (Male) |
| 5:45 | Crear | Villager (Male) |
| 5:45 | Crear | Villager (Male) |
| 5:46 | Crear | Villager (Male) |
| 6:38 | Crear | Villager (Male) |
| 6:44 | Construir | House |
| 6:46 | Construir | House |
| 7:06 | Construir | Mining Camp |
| 8:09 | Investigar | Feudal Age |
| 8:56 | Investigar | Loom |
| 9:09 | Construir | Barracks |
| 10:06 | Crear | Militia |
| 10:06 | Crear | Militia |
| 10:07 | Crear | Militia |
| 10:19 | Edad | Edad Feudal |
| 10:31 | Construir | Market |
| 10:47 | Construir | Blacksmith |
| 11:31 | Construir | Watch Tower |
| 12:03 | Crear | Militia ×5 |
| 12:03 | Crear | Militia ×5 |
| 12:04 | Crear | Militia |
| 12:27 | Construir | Stable |
| 12:59 | Investigar | Forging |
| 13:03 | Investigar | Forging |
| 14:33 | Crear | Scout Cavalry ×2 |
| 14:33 | Crear | Scout Cavalry ×2 |
| 14:34 | Crear | Scout Cavalry ×2 |
| 14:54 | Construir | Mill |
| 16:31 | Investigar | Bloodlines |
| 16:40 | Crear | Villager (Male) |
| 16:41 | Crear | Villager (Male) |
| 18:12 | Crear | Militia ×2 |
| 18:12 | Crear | Militia ×2 |
| 18:20 | Construir | Mining Camp |
| 18:35 | Construir | Mining Camp |
| 19:59 | Crear | Spearman |
| 20:00 | Crear | Spearman |
| 20:11 | Construir | Farm |
| 20:12 | Construir | Farm |
| 20:13 | Construir | Farm |
| 20:14 | Construir | Farm |
| 20:15 | Construir | Farm |
| 20:16 | Construir | Farm |
| 20:17 | Construir | Farm |
| 20:18 | Construir | Farm |
| 20:41 | Construir | Mining Camp |
| 21:56 | Crear | Villager (Male) |
| 21:57 | Crear | Villager (Male) |
| 21:59 | Crear | Villager (Male) |
| 21:59 | Crear | Villager (Male) |
| 22:44 | Crear | Villager (Male) |
| 22:44 | Crear | Villager (Male) |
| 23:56 | Crear | Trade Cart |
| 23:56 | Crear | Trade Cart |
| 23:57 | Crear | Trade Cart |
| 23:57 | Crear | Trade Cart |
| 24:08 | Construir | House |
| 24:10 | Construir | House |
| 24:11 | Construir | House |
| 24:13 | Construir | House |
| 25:36 | Investigar | Horse Collar |
| 25:38 | Investigar | Double-Bit Axe |
| 26:50 | Investigar | Castle Age |
| 27:32 | Construir | Farm |
| 27:32 | Construir | Farm |
| 27:47 | Crear | Villager (Male) |
| 27:47 | Crear | Villager (Male) |
| 27:48 | Crear | Villager (Male) |
| 27:48 | Crear | Villager (Male) |
| 29:30 | Edad | Edad de los Castillos |
| 29:32 | Construir | Town Center |
| 30:01 | Crear | Villager (Male) |
| 30:01 | Crear | Villager (Male) |
| 30:01 | Crear | Villager (Male) |
| 30:02 | Crear | Villager (Male) |
| 30:02 | Crear | Villager (Male) |
| 30:02 | Crear | Villager (Male) |
| 30:03 | Crear | Villager (Male) |
| 30:03 | Crear | Villager (Male) |
| 30:04 | Crear | Villager (Male) |
| 30:37 | Investigar | Iron Casting |
| 30:51 | Construir | Farm |
| 31:21 | Construir | Farm |
| 31:21 | Construir | Farm |
| 32:00 | Crear | Villager (Male) |
| 32:01 | Crear | Villager (Male) |
| 32:01 | Crear | Villager (Male) |
| 32:02 | Crear | Villager (Male) |
| 32:31 | Crear | Villager (Male) |
| 32:56 | Investigar | Squires |
| 33:04 | Crear | Spearman ×3 |
| 33:04 | Crear | Spearman ×3 |
| 34:43 | Construir | Lumber Camp |
| 35:04 | Investigar | Wheelbarrow |
| 35:15 | Crear | Spearman |
| 35:49 | Crear | Villager (Male) |
| 35:49 | Crear | Villager (Male) |
| 35:57 | Construir | House |
| 35:58 | Construir | House |
| 36:00 | Construir | House |
| 36:03 | Construir | House |
| 36:04 | Construir | House |
| 36:10 | Construir | House |
| 36:11 | Construir | House |
| 36:12 | Construir | House |
| 36:13 | Construir | House |
| 36:17 | Construir | House |
| 36:18 | Construir | House |
| 36:20 | Construir | House |
| 36:24 | Construir | House |
| 36:25 | Construir | House |
| 36:27 | Construir | House |
| 36:36 | Investigar | Pikeman (upgrade) |
| 36:39 | Crear | Spearman |
| 37:44 | Construir | Town Center |
| 37:55 | Construir | Castle |
| 38:07 | Investigar | Hand Cart |
| 38:18 | Construir | Farm |
| 38:19 | Construir | Farm |
| 38:20 | Construir | Farm |
| 38:21 | Construir | Farm |
| 38:27 | Construir | Farm |
| 39:05 | Construir | Farm |
| 39:43 | Crear | Villager (Male) |
| 39:43 | Crear | Villager (Male) |
| 39:43 | Crear | Villager (Male) |
| 39:44 | Crear | Villager (Male) |
| 39:44 | Crear | Villager (Male) |
| 39:44 | Crear | Villager (Male) |
| 39:44 | Crear | Villager (Male) |
| 39:45 | Crear | Villager (Male) |
| 40:15 | Investigar | Gold Mining |
| 40:15 | Investigar | Stone Mining |
| 40:23 | Crear | Trade Cart |
Build order — Bear_Pig_Man
Primeras 150 de 423 acciones detectadas
| 0:06 | Construir | House |
| 0:11 | Construir | House |
| 0:12 | Crear | Villager (Male) ×4 |
| 2:01 | Crear | Villager (Male) |
| 2:01 | Crear | Villager (Male) |
| 2:09 | Construir | Lumber Camp |
| 2:33 | Crear | Villager (Male) |
| 3:06 | Crear | Villager (Male) |
| 3:48 | Crear | Villager (Male) |
| 4:11 | Crear | Villager (Male) |
| 4:25 | Construir | House |
| 4:29 | Construir | House |
| 4:41 | Crear | Villager (Male) |
| 4:42 | Crear | Villager (Male) |
| 4:47 | Construir | Mill |
| 5:25 | Crear | Villager (Male) |
| 5:37 | Crear | Villager (Male) |
| 6:01 | Construir | Farm |
| 6:09 | Crear | Villager (Male) |
| 6:17 | Crear | Villager (Male) |
| 6:26 | Construir | Farm |
| 6:40 | Crear | Villager (Male) |
| 6:58 | Construir | Lumber Camp |
| 7:01 | Crear | Villager (Male) |
| 7:01 | Crear | Villager (Male) |
| 7:01 | Crear | Villager (Male) |
| 7:25 | Crear | Villager (Male) |
| 7:59 | Crear | Villager (Male) |
| 8:25 | Crear | Villager (Male) |
| 8:34 | Construir | House |
| 8:38 | Construir | House |
| 8:46 | Crear | Villager (Male) |
| 8:58 | Construir | Mining Camp |
| 9:24 | Crear | Villager (Male) |
| 9:24 | Crear | Villager (Male) |
| 10:10 | Investigar | Feudal Age |
| 10:20 | Crear | Villager (Male) |
| 11:23 | Crear | Villager (Male) |
| 11:45 | Construir | Barracks |
| 11:57 | Construir | House |
| 12:01 | Construir | House |
| 12:04 | Construir | House |
| 12:20 | Edad | Edad Feudal |
| 12:20 | Construir | Farm |
| 12:21 | Construir | Farm |
| 12:21 | Construir | Farm |
| 12:21 | Construir | Farm |
| 12:32 | Construir | Market |
| 13:09 | Construir | Blacksmith |
| 13:13 | Crear | Villager (Male) |
| 13:15 | Investigar | Loom |
| 13:33 | Construir | Stone Wall |
| 13:42 | Crear | Spearman |
| 13:42 | Crear | Spearman |
| 13:42 | Crear | Spearman |
| 13:43 | Crear | Spearman |
| 13:56 | Crear | Villager (Male) |
| 14:23 | Crear | Villager (Male) |
| 15:00 | Crear | Villager (Male) |
| 15:06 | Construir | Mill |
| 15:28 | Construir | Farm |
| 15:31 | Crear | Villager (Male) |
| 15:57 | Crear | Villager (Male) |
| 16:28 | Crear | Villager (Male) |
| 16:59 | Investigar | Castle Age |
| 17:13 | Construir | Stable |
| 17:14 | Construir | Stable |
| 17:27 | Investigar | Double-Bit Axe |
| 17:35 | Crear | Spearman |
| 18:00 | Crear | Spearman |
| 18:01 | Crear | Spearman |
| 18:01 | Crear | Spearman |
| 18:22 | Crear | Villager (Male) |
| 18:23 | Crear | Villager (Male) |
| 18:40 | Construir | Stone Wall |
| 19:11 | Crear | Villager (Male) |
| 19:12 | Crear | Villager (Male) |
| 19:16 | Crear | Spearman |
| 19:32 | Construir | Stone Wall |
| 19:39 | Edad | Edad de los Castillos |
| 19:43 | Construir | Farm |
| 19:43 | Construir | Farm |
| 19:43 | Construir | Farm |
| 19:44 | Construir | Farm |
| 19:44 | Construir | Farm |
| 19:44 | Construir | Farm |
| 19:45 | Construir | Farm |
| 19:45 | Construir | Farm |
| 19:48 | Crear | Villager (Male) |
| 19:55 | Investigar | Bow Saw |
| 20:01 | Investigar | Horse Collar |
| 20:10 | Construir | Mining Camp |
| 20:16 | Crear | Knight |
| 20:44 | Construir | House |
| 20:45 | Construir | House |
| 20:47 | Construir | House |
| 20:48 | Construir | House |
| 21:08 | Investigar | Husbandry |
| 21:43 | Construir | Town Center |
| 21:48 | Crear | Villager (Male) |
| 21:48 | Crear | Villager (Male) |
| 21:48 | Crear | Villager (Male) |
| 21:49 | Crear | Villager (Male) |
| 22:04 | Construir | Gate |
| 22:10 | Construir | Mining Camp |
| 22:21 | Investigar | Heavy Plow |
| 22:59 | Construir | Siege Workshop |
| 23:03 | Construir | Siege Workshop |
| 23:18 | Investigar | Squires |
| 23:19 | Crear | Fire Lancer |
| 23:20 | Crear | Fire Lancer |
| 23:20 | Crear | Fire Lancer |
| 23:20 | Crear | Fire Lancer |
| 23:27 | Crear | Villager (Male) ×3 |
| 23:39 | Construir | Farm |
| 23:39 | Construir | Farm |
| 23:39 | Construir | Farm |
| 23:40 | Construir | Farm |
| 23:46 | Crear | Villager (Male) |
| 24:03 | Construir | Farm |
| 24:04 | Construir | Farm |
| 24:04 | Construir | Farm |
| 24:08 | Construir | Farm |
| 24:40 | Investigar | Wheelbarrow |
| 24:43 | Crear | Villager (Male) |
| 24:43 | Crear | Villager (Male) |
| 24:43 | Crear | Villager (Male) |
| 25:06 | Crear | Iron Pagoda ×2 |
| 25:06 | Crear | Iron Pagoda ×2 |
| 25:30 | Crear | Iron Pagoda |
| 25:41 | Crear | Villager (Male) |
| 25:41 | Crear | Villager (Male) |
| 25:41 | Crear | Villager (Male) |
| 25:52 | Crear | Villager (Male) |
| 25:52 | Crear | Villager (Male) |
| 25:53 | Crear | Villager (Male) |
| 26:55 | Construir | Monastery |
| 26:59 | Construir | Farm |
| 27:02 | Crear | Villager (Male) |
| 27:05 | Investigar | Hand Cart |
| 27:08 | Crear | Villager (Male) |
| 27:08 | Crear | Villager (Male) |
| 27:09 | Crear | Villager (Male) |
| 27:09 | Crear | Villager (Male) |
| 27:41 | Crear | Monk |
| 27:48 | Crear | Iron Pagoda |
| 28:23 | Construir | House |
| 28:23 | Construir | House |
| 28:24 | Construir | House |
| 28:24 | Construir | House |
Build order — Uzzman
Primeras 150 de 600 acciones detectadas
| 0:03 | Construir | House |
| 0:04 | Construir | House |
| 0:11 | Crear | Villager (Male) ×4 |
| 0:46 | Construir | House |
| 0:47 | Construir | House |
| 2:19 | Crear | Villager (Male) |
| 2:19 | Crear | Villager (Male) |
| 2:40 | Crear | Villager (Male) |
| 2:41 | Crear | Villager (Male) |
| 2:41 | Crear | Villager (Male) |
| 3:24 | Crear | Villager (Male) |
| 3:24 | Crear | Villager (Male) |
| 3:25 | Crear | Villager (Male) |
| 4:19 | Crear | Villager (Male) |
| 4:21 | Crear | Villager (Male) |
| 4:57 | Crear | Villager (Male) |
| 4:58 | Crear | Villager (Male) |
| 5:09 | Construir | Lumber Camp |
| 5:51 | Crear | Villager (Male) |
| 5:52 | Crear | Villager (Male) |
| 5:52 | Crear | Villager (Male) |
| 5:52 | Crear | Villager (Male) |
| 6:27 | Crear | Villager (Male) |
| 6:41 | Crear | Villager (Male) |
| 7:40 | Construir | Mill |
| 8:01 | Crear | Villager (Male) |
| 8:16 | Investigar | Feudal Age |
| 8:28 | Construir | Farm |
| 8:28 | Construir | Farm |
| 8:29 | Construir | Farm |
| 8:47 | Crear | Villager (Male) |
| 8:47 | Crear | Villager (Male) |
| 9:08 | Construir | House |
| 9:10 | Construir | House |
| 9:11 | Construir | House |
| 9:13 | Construir | House |
| 9:18 | Construir | House |
| 9:21 | Construir | House |
| 9:24 | Construir | House |
| 9:27 | Construir | House |
| 9:59 | Crear | Villager (Male) |
| 9:59 | Crear | Villager (Male) |
| 10:00 | Crear | Villager (Male) |
| 10:26 | Edad | Edad Feudal |
| 10:49 | Construir | Market |
| 10:57 | Crear | Villager (Male) |
| 11:03 | Construir | Farm |
| 11:12 | Construir | Farm |
| 11:14 | Construir | Farm |
| 11:21 | Crear | Villager (Male) |
| 11:43 | Investigar | Double-Bit Axe |
| 11:45 | Crear | Villager (Male) |
| 12:11 | Construir | Blacksmith |
| 12:22 | Construir | House |
| 12:30 | Crear | Villager (Male) |
| 12:54 | Crear | Villager (Male) |
| 13:00 | Construir | Farm |
| 13:01 | Construir | Farm |
| 13:03 | Construir | Farm |
| 13:16 | Construir | Farm |
| 13:21 | Construir | Farm |
| 13:30 | Crear | Villager (Male) |
| 14:07 | Construir | Mining Camp |
| 14:14 | Crear | Villager (Male) |
| 14:15 | Crear | Villager (Male) |
| 14:18 | Construir | Farm |
| 14:20 | Construir | Farm |
| 14:23 | Construir | Farm |
| 14:45 | Crear | Villager (Male) |
| 15:19 | Construir | Mining Camp |
| 15:30 | Crear | Villager (Male) |
| 16:27 | Investigar | Castle Age |
| 16:47 | Investigar | Horse Collar |
| 17:24 | Construir | Farm |
| 17:26 | Construir | Farm |
| 17:28 | Construir | Farm |
| 17:29 | Construir | Farm |
| 17:56 | Crear | Villager (Male) |
| 17:57 | Crear | Villager (Male) |
| 17:58 | Crear | Villager (Male) |
| 17:58 | Crear | Villager (Male) |
| 18:08 | Investigar | Stone Mining |
| 18:54 | Construir | Barracks |
| 19:02 | Crear | Villager (Male) |
| 19:07 | Edad | Edad de los Castillos |
| 19:19 | Investigar | Bow Saw |
| 19:36 | Construir | Town Center |
| 19:55 | Crear | Villager (Male) |
| 20:22 | Crear | Villager (Male) |
| 20:50 | Crear | Villager (Male) ×5 |
| 21:01 | Crear | Villager (Male) |
| 21:26 | Crear | Villager (Male) |
| 21:28 | Crear | Villager (Male) |
| 21:42 | Construir | Archery Range |
| 21:45 | Construir | Archery Range |
| 21:50 | Crear | Villager (Male) |
| 22:16 | Crear | Villager (Male) |
| 22:18 | Crear | Villager (Male) |
| 22:34 | Construir | Town Center |
| 22:42 | Investigar | Gold Mining |
| 22:44 | Investigar | Stone Shaft Mining |
| 22:46 | Crear | Villager (Male) |
| 23:04 | Construir | Stable |
| 23:16 | Crear | Villager (Male) |
| 23:18 | Crear | Villager (Male) |
| 23:35 | Crear | Villager (Male) |
| 23:35 | Crear | Villager (Male) |
| 23:36 | Crear | Villager (Male) |
| 23:36 | Crear | Villager (Male) |
| 24:05 | Construir | House |
| 24:06 | Construir | House |
| 24:08 | Construir | House |
| 24:10 | Construir | House |
| 24:11 | Construir | House |
| 24:16 | Crear | Camel Scout |
| 24:17 | Crear | Camel Scout |
| 24:18 | Crear | Camel Scout |
| 24:18 | Crear | Camel Scout |
| 24:21 | Investigar | Thumb Ring |
| 24:23 | Crear | Archer ×4 |
| 24:32 | Crear | Villager (Male) |
| 24:32 | Crear | Villager (Male) |
| 24:33 | Crear | Villager (Male) |
| 24:33 | Crear | Villager (Male) |
| 24:39 | Crear | Villager (Male) |
| 25:05 | Crear | Villager (Male) |
| 25:06 | Crear | Villager (Male) |
| 25:13 | Construir | Farm |
| 25:14 | Construir | Farm |
| 25:15 | Construir | Farm |
| 25:16 | Construir | Farm |
| 25:28 | Crear | Villager (Male) |
| 25:30 | Crear | Villager (Male) |
| 25:33 | Crear | Villager (Male) |
| 25:41 | Crear | Villager (Male) |
| 26:11 | Crear | Villager (Male) |
| 26:12 | Crear | Villager (Male) |
| 26:14 | Crear | Villager (Male) |
| 26:29 | Construir | Castle |
| 27:18 | Investigar | Husbandry |
| 27:18 | Crear | Camel Scout |
| 27:19 | Crear | Camel Scout |
| 27:23 | Investigar | Crossbowman (upgrade) |
| 27:24 | Crear | Archer ×5 |
| 27:38 | Construir | Farm |
| 27:39 | Construir | Farm |
| 27:40 | Construir | Farm |
| 27:41 | Construir | Farm |
| 27:42 | Construir | Farm |
| 27:44 | Construir | Farm |
Build order — TwinkieTheKid21
Primeras 150 de 324 acciones detectadas
| 0:15 | Construir | House |
| 0:20 | Construir | House |
| 0:26 | Crear | Villager (Male) |
| 0:26 | Crear | Villager (Male) |
| 0:27 | Crear | Villager (Male) |
| 0:27 | Crear | Villager (Male) |
| 0:37 | Construir | House |
| 2:10 | Construir | Lumber Camp |
| 2:11 | Crear | Villager (Male) |
| 2:43 | Crear | Villager (Male) |
| 2:43 | Crear | Villager (Male) |
| 3:14 | Crear | Villager (Male) |
| 3:35 | Crear | Villager (Male) |
| 4:07 | Crear | Villager (Male) |
| 4:31 | Construir | House |
| 4:33 | Construir | House |
| 4:49 | Crear | Villager (Male) |
| 5:00 | Construir | Mill |
| 5:13 | Crear | Villager (Male) |
| 5:42 | Crear | Villager (Male) |
| 5:55 | Crear | Villager (Male) |
| 6:11 | Crear | Villager (Male) |
| 6:35 | Construir | Farm |
| 6:40 | Crear | Villager (Male) |
| 6:40 | Crear | Villager (Male) |
| 7:01 | Construir | Farm |
| 7:04 | Crear | Villager (Male) |
| 7:36 | Construir | Lumber Camp |
| 7:53 | Crear | Villager (Male) |
| 7:53 | Crear | Villager (Male) |
| 7:57 | Construir | House |
| 8:01 | Construir | House |
| 8:08 | Crear | Villager (Male) |
| 8:08 | Crear | Villager (Male) |
| 9:11 | Construir | Mining Camp |
| 9:52 | Investigar | Feudal Age |
| 10:03 | Construir | Mill |
| 10:17 | Investigar | Loom |
| 10:17 | Crear | Villager (Male) |
| 10:53 | Construir | Barracks |
| 11:11 | Crear | Villager (Male) |
| 12:02 | Edad | Edad Feudal |
| 12:16 | Construir | Stable |
| 12:24 | Construir | Blacksmith |
| 13:08 | Investigar | Double-Bit Axe |
| 13:43 | Crear | Villager (Male) |
| 14:06 | Construir | Mining Camp |
| 14:12 | Crear | Villager (Male) |
| 14:16 | Investigar | Horse Collar |
| 14:32 | Crear | Scout Cavalry |
| 14:56 | Crear | Villager (Male) |
| 15:25 | Investigar | Castle Age |
| 15:27 | Construir | Farm |
| 15:49 | Construir | House |
| 15:51 | Construir | House |
| 15:54 | Construir | House |
| 15:55 | Construir | House |
| 15:56 | Construir | House |
| 17:03 | Construir | House |
| 17:04 | Construir | House |
| 17:30 | Construir | Farm |
| 17:30 | Construir | Farm |
| 17:31 | Construir | Farm |
| 17:31 | Construir | Farm |
| 17:32 | Construir | Farm |
| 18:05 | Construir | Palisade Wall |
| 18:05 | Edad | Edad de los Castillos |
| 18:17 | Construir | Palisade Wall |
| 18:53 | Construir | Town Center |
| 19:06 | Crear | Spearman |
| 19:07 | Crear | Spearman |
| 19:07 | Crear | Spearman |
| 19:33 | Construir | Gate |
| 19:53 | Construir | Castle |
| 20:13 | Construir | Castle |
| 20:30 | Crear | Spearman |
| 20:30 | Crear | Spearman |
| 20:30 | Crear | Spearman |
| 20:30 | Crear | Spearman |
| 21:20 | Construir | Farm |
| 21:21 | Crear | Conquistador |
| 21:22 | Crear | Conquistador |
| 21:22 | Crear | Conquistador |
| 21:22 | Crear | Conquistador |
| 22:05 | Construir | House |
| 22:13 | Investigar | Bow Saw |
| 22:25 | Investigar | Husbandry |
| 22:57 | Crear | Conquistador |
| 23:14 | Construir | Farm |
| 23:16 | Crear | Villager (Male) |
| 23:43 | Crear | Conquistador |
| 23:46 | Construir | Farm |
| 24:54 | Crear | Villager (Male) |
| 24:56 | Crear | Villager (Male) |
| 24:59 | Crear | Villager (Male) |
| 25:00 | Crear | Villager (Male) |
| 25:00 | Crear | Villager (Male) |
| 25:56 | Construir | Farm |
| 25:56 | Construir | Farm |
| 25:58 | Construir | Farm |
| 25:59 | Construir | Farm |
| 26:02 | Construir | Farm |
| 26:39 | Crear | Conquistador |
| 26:40 | Crear | Conquistador |
| 26:40 | Crear | Conquistador |
| 26:40 | Crear | Conquistador |
| 26:40 | Crear | Conquistador |
| 27:39 | Crear | Conquistador |
| 27:39 | Crear | Conquistador |
| 27:39 | Crear | Conquistador |
| 27:54 | Investigar | Padded Archer Armor |
| 27:57 | Construir | Farm |
| 28:04 | Crear | Villager (Male) |
| 28:04 | Crear | Villager (Male) |
| 28:06 | Crear | Villager (Male) |
| 29:28 | Construir | Farm |
| 29:28 | Construir | Farm |
| 29:30 | Construir | Farm |
| 29:33 | Crear | Villager (Male) |
| 29:40 | Construir | Market |
| 29:46 | Investigar | Heavy Plow |
| 30:25 | Investigar | Bloodlines |
| 30:30 | Investigar | Leather Archer Armor |
| 30:33 | Construir | Farm |
| 30:35 | Construir | Farm |
| 31:54 | Construir | Mining Camp |
| 32:00 | Construir | Castle |
| 32:13 | Crear | Conquistador |
| 32:14 | Crear | Conquistador |
| 32:14 | Crear | Conquistador |
| 32:15 | Crear | Conquistador |
| 32:15 | Crear | Conquistador |
| 32:15 | Crear | Conquistador |
| 32:15 | Crear | Conquistador |
| 33:39 | Crear | Conquistador |
| 33:39 | Crear | Conquistador |
| 33:44 | Crear | Villager (Male) |
| 33:44 | Crear | Villager (Male) |
| 33:44 | Crear | Villager (Male) |
| 33:44 | Crear | Villager (Male) |
| 33:46 | Crear | Villager (Male) |
| 33:46 | Crear | Villager (Male) |
| 33:47 | Crear | Villager (Male) |
| 33:47 | Crear | Villager (Male) |
| 33:50 | Construir | Town Center |
| 35:45 | Crear | Villager (Male) |
| 35:46 | Crear | Villager (Male) |
| 35:46 | Crear | Villager (Male) |
| 36:03 | Investigar | Imperial Age |
| 36:45 | Construir | Castle |
Build order — Andy Garcia
Primeras 150 de 418 acciones detectadas
| 0:00 | Crear | Villager (Male) ×4 |
| 0:04 | Construir | House |
| 0:04 | Construir | House |
| 0:07 | Construir | House |
| 1:37 | Crear | Villager (Male) |
| 2:09 | Crear | Villager (Male) |
| 2:38 | Crear | Villager (Male) ×2 |
| 2:38 | Crear | Villager (Male) ×2 |
| 3:44 | Crear | Villager (Male) ×2 |
| 4:26 | Crear | Villager (Male) |
| 4:27 | Crear | Villager (Male) |
| 4:27 | Crear | Villager (Male) |
| 4:28 | Crear | Villager (Male) |
| 5:26 | Crear | Villager (Male) |
| 5:29 | Crear | Villager (Male) |
| 5:30 | Crear | Villager (Male) |
| 5:31 | Crear | Villager (Male) |
| 5:52 | Construir | Lumber Camp |
| 7:00 | Investigar | Feudal Age |
| 7:43 | Construir | Mining Camp |
| 7:51 | Construir | Mining Camp |
| 8:08 | Construir | House |
| 8:28 | Construir | Mill |
| 9:14 | Edad | Edad Feudal |
| 9:17 | Crear | Villager (Male) |
| 9:18 | Crear | Villager (Male) |
| 9:30 | Construir | Archery Range |
| 9:47 | Crear | Villager (Male) |
| 10:07 | Construir | House |
| 10:13 | Crear | Archer |
| 10:13 | Crear | Archer |
| 10:14 | Crear | Archer |
| 10:14 | Crear | Archer |
| 10:36 | Crear | Villager (Male) |
| 10:55 | Crear | Villager (Male) |
| 11:08 | Crear | Archer |
| 11:23 | Crear | Villager (Male) |
| 11:55 | Construir | Archery Range |
| 11:59 | Construir | House |
| 12:01 | Construir | House |
| 12:05 | Construir | House |
| 12:10 | Crear | Villager (Male) |
| 12:10 | Crear | Villager (Male) |
| 12:14 | Investigar | Loom |
| 12:40 | Crear | Villager (Male) |
| 12:41 | Crear | Villager (Male) |
| 12:41 | Crear | Villager (Male) |
| 12:41 | Crear | Villager (Male) |
| 12:45 | Crear | Archer ×3 |
| 12:56 | Crear | Archer |
| 12:56 | Crear | Archer |
| 12:56 | Crear | Archer |
| 13:07 | Construir | Blacksmith |
| 13:43 | Crear | Villager (Male) |
| 13:44 | Crear | Villager (Male) |
| 13:54 | Crear | Villager (Male) |
| 14:48 | Investigar | Fletching |
| 14:54 | Crear | Villager (Male) |
| 14:54 | Crear | Villager (Male) |
| 15:19 | Crear | Villager (Male) |
| 16:12 | Crear | Villager (Male) |
| 16:13 | Crear | Villager (Male) |
| 16:13 | Crear | Villager (Male) |
| 16:16 | Construir | Farm |
| 16:17 | Construir | Farm |
| 16:18 | Construir | Farm |
| 16:20 | Construir | Farm |
| 16:21 | Construir | Farm |
| 16:22 | Construir | Farm |
| 16:23 | Construir | Farm |
| 16:24 | Construir | Farm |
| 16:28 | Construir | Farm |
| 16:30 | Construir | Farm |
| 16:31 | Construir | Farm |
| 17:50 | Crear | Villager (Male) |
| 17:53 | Investigar | Padded Archer Armor |
| 18:04 | Investigar | Horse Collar |
| 18:32 | Construir | Farm |
| 18:34 | Crear | Villager (Male) |
| 18:34 | Crear | Villager (Male) |
| 19:07 | Construir | House |
| 19:09 | Construir | House |
| 19:11 | Construir | House |
| 19:13 | Construir | House |
| 19:14 | Construir | House |
| 19:17 | Construir | House |
| 19:20 | Construir | House |
| 19:22 | Construir | House |
| 20:05 | Crear | Archer ×5 |
| 20:08 | Crear | Archer |
| 21:22 | Crear | Archer ×5 |
| 21:22 | Crear | Archer ×5 |
| 21:23 | Crear | Archer ×5 |
| 22:32 | Investigar | Castle Age |
| 22:40 | Investigar | Double-Bit Axe |
| 24:21 | Construir | Market |
| 25:12 | Edad | Edad de los Castillos |
| 25:17 | Investigar | Bodkin Arrow |
| 25:17 | Investigar | Leather Archer Armor |
| 26:39 | Crear | Villager (Male) ×5 |
| 29:13 | Construir | Town Center |
| 29:15 | Crear | Villager (Male) ×5 |
| 29:18 | Investigar | Imperial Age |
| 29:30 | Investigar | Crossbowman (upgrade) |
| 29:50 | Investigar | Gold Mining |
| 30:26 | Construir | Town Center |
| 30:34 | Crear | Villager (Male) ×5 |
| 31:00 | Crear | Villager (Male) ×2 |
| 31:05 | Construir | Farm |
| 31:11 | Construir | Farm |
| 31:12 | Construir | Farm |
| 31:13 | Construir | Farm |
| 31:15 | Construir | Farm |
| 31:16 | Construir | Farm |
| 31:18 | Construir | Farm |
| 31:20 | Construir | Farm |
| 31:27 | Construir | Farm |
| 31:31 | Crear | Archer ×5 |
| 31:37 | Construir | University |
| 31:55 | Construir | Archery Range |
| 32:20 | Crear | Villager (Male) ×5 |
| 32:28 | Edad | Edad Imperial |
| 32:34 | Crear | Villager (Male) ×5 |
| 32:38 | Investigar | Wheelbarrow |
| 32:46 | Construir | Mining Camp |
| 32:57 | Crear | Archer ×5 |
| 33:10 | Investigar | Bow Saw |
| 33:14 | Construir | Farm |
| 33:22 | Construir | Siege Workshop |
| 33:40 | Investigar | Arbalester (upgrade) |
| 34:13 | Crear | Skirmisher ×5 |
| 34:32 | Investigar | Bracer |
| 34:33 | Investigar | Ring Archer Armor |
| 34:46 | Crear | Skirmisher |
| 34:46 | Crear | Skirmisher |
| 34:46 | Crear | Skirmisher |
| 35:30 | Investigar | Ballistics |
| 35:56 | Crear | Skirmisher |
| 35:56 | Crear | Skirmisher |
| 35:56 | Crear | Skirmisher |
| 35:56 | Crear | Skirmisher |
| 36:48 | Construir | Farm |
| 36:55 | Investigar | Chemistry |
| 36:59 | Crear | Villager (Male) |
| 36:59 | Crear | Villager (Male) |
| 37:00 | Crear | Villager (Male) |
| 37:00 | Crear | Villager (Male) |
| 37:02 | Crear | Villager (Male) |
| 37:02 | Crear | Villager (Male) |
| 37:03 | Crear | Villager (Male) |
Build order — Doorm9
Primeras 150 de 417 acciones detectadas
| 0:01 | Crear | Villager (Male) |
| 0:01 | Crear | Villager (Male) |
| 0:07 | Construir | House |
| 0:08 | Construir | House |
| 0:19 | Crear | Villager (Male) |
| 0:26 | Crear | Villager (Male) |
| 1:42 | Crear | Villager (Male) |
| 2:03 | Crear | Villager (Male) |
| 2:23 | Crear | Villager (Male) |
| 2:45 | Construir | Lumber Camp |
| 2:51 | Crear | Villager (Male) |
| 3:05 | Crear | Villager (Male) |
| 3:56 | Construir | Mill |
| 3:58 | Crear | Villager (Male) |
| 4:13 | Construir | House |
| 4:30 | Crear | Villager (Male) |
| 4:54 | Crear | Villager (Male) |
| 5:22 | Crear | Villager (Male) |
| 5:48 | Crear | Villager (Male) |
| 6:12 | Crear | Villager (Male) |
| 6:33 | Crear | Villager (Male) |
| 6:47 | Construir | Mill |
| 6:52 | Crear | Villager (Male) |
| 7:05 | Investigar | Loom |
| 7:56 | Crear | Villager (Male) |
| 8:14 | Investigar | Feudal Age |
| 8:30 | Construir | House |
| 9:13 | Construir | Mining Camp |
| 10:24 | Edad | Edad Feudal |
| 10:31 | Crear | Villager (Male) |
| 10:31 | Crear | Villager (Male) |
| 10:31 | Crear | Villager (Male) |
| 10:31 | Crear | Villager (Male) |
| 10:55 | Construir | Blacksmith |
| 11:46 | Construir | Market |
| 11:51 | Construir | House |
| 12:10 | Crear | Villager (Male) |
| 12:29 | Crear | Villager (Male) |
| 13:24 | Construir | Palisade Wall |
| 13:31 | Crear | Villager (Male) |
| 13:35 | Construir | Farm |
| 13:39 | Construir | Farm |
| 14:06 | Construir | Farm |
| 14:08 | Crear | Villager (Male) |
| 14:28 | Construir | House |
| 14:35 | Crear | Villager (Male) |
| 14:39 | Construir | Farm |
| 15:10 | Crear | Villager (Male) |
| 15:16 | Construir | Farm |
| 15:45 | Construir | Farm |
| 15:45 | Construir | Farm |
| 15:45 | Construir | Farm |
| 15:45 | Construir | Farm |
| 15:46 | Construir | Farm |
| 15:46 | Construir | Farm |
| 15:46 | Construir | Farm |
| 15:46 | Construir | Farm |
| 15:47 | Construir | Farm |
| 15:47 | Construir | Farm |
| 15:50 | Investigar | Castle Age |
| 16:38 | Construir | Farm |
| 16:50 | Investigar | Double-Bit Axe |
| 16:52 | Investigar | Gold Mining |
| 16:57 | Construir | House |
| 17:17 | Construir | Palisade Wall |
| 17:27 | Construir | Palisade Wall |
| 18:15 | Crear | Villager (Male) |
| 18:16 | Crear | Villager (Male) |
| 18:20 | Construir | Farm |
| 18:30 | Edad | Edad de los Castillos |
| 18:34 | Crear | Villager (Male) |
| 18:34 | Crear | Villager (Male) |
| 18:45 | Construir | Barracks |
| 18:49 | Crear | Villager (Male) |
| 20:13 | Construir | Palisade Wall |
| 20:26 | Construir | Watch Tower |
| 21:03 | Crear | Militia |
| 21:26 | Construir | Stable |
| 22:02 | Crear | Knight |
| 22:02 | Crear | Knight |
| 22:02 | Crear | Knight |
| 22:13 | Construir | Farm |
| 22:18 | Construir | Farm |
| 23:09 | Investigar | Scale Barding Armor |
| 24:28 | Investigar | Forging |
| 24:52 | Construir | Farm |
| 25:19 | Construir | Farm |
| 25:24 | Crear | Knight ×5 |
| 26:56 | Construir | Archery Range |
| 27:36 | Crear | Skirmisher ×5 |
| 29:13 | Crear | Skirmisher ×5 |
| 29:32 | Construir | Farm |
| 29:42 | Crear | Villager (Male) |
| 29:42 | Crear | Villager (Male) |
| 29:42 | Crear | Villager (Male) |
| 29:43 | Crear | Villager (Male) |
| 30:24 | Construir | Palisade Wall |
| 31:01 | Crear | Skirmisher |
| 31:43 | Construir | Palisade Wall |
| 31:48 | Construir | Palisade Wall |
| 31:52 | Crear | Villager (Male) |
| 31:53 | Crear | Villager (Male) |
| 31:53 | Crear | Villager (Male) |
| 32:11 | Construir | Mining Camp |
| 32:24 | Crear | Skirmisher |
| 32:24 | Crear | Skirmisher |
| 32:50 | Construir | Archery Range |
| 33:10 | Investigar | Elite Skirmisher (upgrade) |
| 33:13 | Investigar | Iron Casting |
| 33:17 | Crear | Knight |
| 33:18 | Crear | Knight |
| 33:36 | Construir | House |
| 33:46 | Crear | Villager (Male) |
| 33:46 | Crear | Villager (Male) |
| 33:46 | Crear | Villager (Male) |
| 34:13 | Construir | Palisade Gate |
| 34:20 | Crear | Villager (Male) |
| 34:22 | Crear | Skirmisher |
| 34:23 | Crear | Skirmisher |
| 34:23 | Crear | Skirmisher |
| 34:25 | Crear | Skirmisher |
| 34:26 | Crear | Skirmisher |
| 34:26 | Crear | Skirmisher |
| 34:31 | Investigar | Husbandry |
| 34:32 | Crear | Knight |
| 34:43 | Construir | Monastery |
| 34:53 | Construir | House |
| 35:00 | Construir | House |
| 35:16 | Investigar | Fletching |
| 35:43 | Crear | Villager (Male) |
| 36:06 | Construir | Lumber Camp |
| 36:09 | Crear | Villager (Male) |
| 36:15 | Crear | Spearman |
| 36:40 | Crear | Monk |
| 36:59 | Construir | House |
| 37:16 | Crear | Skirmisher |
| 37:16 | Crear | Skirmisher |
| 37:34 | Crear | Villager (Male) |
| 37:35 | Crear | Villager (Male) |
| 37:45 | Investigar | Bow Saw |
| 38:25 | Construir | Palisade Gate |
| 39:33 | Crear | Villager (Male) |
| 39:33 | Crear | Villager (Male) |
| 39:41 | Construir | Town Center |
| 40:39 | Investigar | Gold Shaft Mining |
| 40:40 | Investigar | Stone Mining |
| 41:00 | Construir | House |
| 41:14 | Investigar | Wheelbarrow |
| 41:17 | Crear | Villager (Male) |
| 41:17 | Crear | Villager (Male) |
Build order — 夜晚的奖励哥
82 acciones detectadas en el replay
| 0:04 | Construir | House |
| 0:07 | Construir | House |
| 0:09 | Crear | Villager (Male) |
| 0:09 | Crear | Villager (Male) |
| 0:10 | Crear | Villager (Male) |
| 0:10 | Crear | Villager (Male) |
| 0:10 | Crear | Villager (Male) |
| 1:51 | Crear | Villager (Male) |
| 1:51 | Crear | Villager (Male) |
| 1:51 | Crear | Villager (Male) |
| 1:51 | Crear | Villager (Male) |
| 2:00 | Construir | Lumber Camp |
| 2:17 | Crear | Villager (Male) |
| 2:17 | Crear | Villager (Male) |
| 2:50 | Crear | Villager (Male) |
| 2:50 | Crear | Villager (Male) |
| 2:50 | Crear | Villager (Male) |
| 3:05 | Crear | Villager (Male) |
| 3:05 | Crear | Villager (Male) |
| 3:38 | Crear | Villager (Male) |
| 3:39 | Crear | Villager (Male) |
| 4:03 | Crear | Villager (Male) |
| 4:04 | Crear | Villager (Male) |
| 4:04 | Crear | Villager (Male) |
| 4:14 | Construir | House |
| 4:30 | Crear | Villager (Male) |
| 4:30 | Crear | Villager (Male) |
| 4:30 | Crear | Villager (Male) |
| 4:50 | Crear | Villager (Male) |
| 4:50 | Crear | Villager (Male) |
| 4:57 | Construir | Mill |
| 5:20 | Crear | Villager (Male) |
| 5:21 | Crear | Villager (Male) |
| 5:47 | Crear | Villager (Male) |
| 6:01 | Construir | House |
| 6:21 | Crear | Villager (Male) |
| 6:42 | Crear | Villager (Male) |
| 7:08 | Crear | Villager (Male) |
| 7:09 | Crear | Villager (Male) |
| 7:09 | Crear | Villager (Male) |
| 7:20 | Construir | Farm |
| 7:44 | Construir | Farm |
| 7:50 | Crear | Villager (Male) |
| 8:13 | Construir | Farm |
| 8:28 | Crear | Villager (Male) |
| 8:37 | Construir | Farm |
| 8:52 | Crear | Villager (Male) |
| 8:52 | Crear | Villager (Male) |
| 9:34 | Construir | Farm |
| 9:39 | Investigar | Loom |
| 9:39 | Investigar | Loom |
| 10:10 | Investigar | Feudal Age |
| 10:10 | Investigar | Feudal Age |
| 10:10 | Investigar | Feudal Age |
| 10:47 | Construir | Farm |
| 10:51 | Crear | Villager (Male) |
| 10:52 | Crear | Villager (Male) |
| 10:52 | Crear | Villager (Male) |
| 12:06 | Crear | Villager (Male) |
| 12:07 | Crear | Villager (Male) |
| 12:07 | Crear | Villager (Male) |
| 12:20 | Edad | Edad Feudal |
| 13:07 | Construir | Stable |
| 13:27 | Construir | Stable |
| 13:59 | Investigar | Bloodlines |
| 14:00 | Crear | Scout Cavalry |
| 14:01 | Crear | Scout Cavalry |
| 14:01 | Crear | Scout Cavalry |
| 14:01 | Crear | Scout Cavalry |
| 14:21 | Construir | Lumber Camp |
| 14:28 | Crear | Villager (Male) |
| 14:29 | Crear | Villager (Male) |
| 14:57 | Construir | Watch Tower |
| 15:12 | Crear | Villager (Male) |
| 15:12 | Crear | Villager (Male) |
| 15:12 | Crear | Villager (Male) |
| 15:12 | Crear | Villager (Male) |
| 15:13 | Crear | Villager (Male) |
| 15:13 | Crear | Villager (Male) |
| 15:14 | Crear | Villager (Male) |
| 15:14 | Crear | Villager (Male) |
| 19:41 | Crear | Villager (Male) |
Cronología de la partida
| 9:09 | ragas0 · first_building Barracks |
| 9:14 | Andy Garcia · age_up feudal |
| 9:30 | Andy Garcia · first_building Archery Range |
| 9:33 | hitmanvoodly · first_building Barracks |
| 10:19 | ragas0 · age_up feudal |
| 10:24 | Doorm9 · age_up feudal |
| 10:26 | Uzzman · age_up feudal |
| 10:34 | hitmanvoodly · age_up feudal |
| 10:53 | TwinkieTheKid21 · first_building Barracks |
| 10:54 | hitmanvoodly · first_building Stable |
| 11:45 | Bear_Pig_Man · first_building Barracks |
| 12:02 | TwinkieTheKid21 · age_up feudal |
| 12:16 | TwinkieTheKid21 · first_building Stable |
| 12:20 | Bear_Pig_Man · age_up feudal |
| 12:20 | 夜晚的奖励哥 · age_up feudal |
| 12:27 | ragas0 · first_building Stable |
| 13:07 | 夜晚的奖励哥 · first_building Stable |
| 13:24 | Doorm9 · wall_segment Palisade Wall x3 |
| 13:33 | Bear_Pig_Man · wall_segment Stone Wall x1 |
| 17:13 | Bear_Pig_Man · first_building Stable |
| 17:17 | Doorm9 · wall_segment Palisade Wall x12 |
| 17:27 | Doorm9 · wall_segment Palisade Wall x7 |
| 18:05 | TwinkieTheKid21 · wall_segment Palisade Wall x7 |
| 18:05 | TwinkieTheKid21 · age_up castle |
| 18:17 | TwinkieTheKid21 · wall_segment Palisade Wall x1 |
| 18:30 | Doorm9 · age_up castle |
| 18:40 | Bear_Pig_Man · wall_segment Stone Wall x17 |
| 18:45 | Doorm9 · first_building Barracks |
| 18:54 | Uzzman · first_building Barracks |
| 19:07 | Uzzman · age_up castle |
| 19:32 | Bear_Pig_Man · wall_segment Stone Wall x13 |
| 19:39 | Bear_Pig_Man · age_up castle |
| 19:53 | TwinkieTheKid21 · first_building Castle |
| 20:13 | Doorm9 · wall_segment Palisade Wall x1 |
| 21:02 | 夜晚的奖励哥 · resign |
| 21:26 | Doorm9 · first_building Stable |
| 21:42 | Uzzman · first_building Archery Range |
| 21:42 | hitmanvoodly · age_up castle |
| 22:59 | Bear_Pig_Man · first_building Siege Workshop |
| 23:04 | Uzzman · first_building Stable |
| 23:37 | hitmanvoodly · first_building Monastery |
| 25:01 | ragas0 · first_market_buy 100 food |
| 25:12 | Andy Garcia · age_up castle |
| 25:38 | Bear_Pig_Man · first_market_buy 100 wood |
| 25:44 | hitmanvoodly · first_building Siege Workshop |
| 26:29 | Uzzman · first_building Castle |
| 26:55 | Bear_Pig_Man · first_building Monastery |
| 26:56 | Doorm9 · first_building Archery Range |
| 27:57 | hitmanvoodly · first_building Castle |
| 29:28 | Uzzman · first_building Monastery |
| 29:30 | ragas0 · age_up castle |
| 30:13 | Bear_Pig_Man · first_building Castle |
| 30:24 | Doorm9 · wall_segment Palisade Wall x15 |
| 31:43 | Doorm9 · wall_segment Palisade Wall x15 |
| 31:48 | Doorm9 · wall_segment Palisade Wall x4 |
| 32:28 | Andy Garcia · age_up imperial |
| 33:22 | Andy Garcia · first_building Siege Workshop |
| 34:43 | Doorm9 · first_building Monastery |
| 35:55 | TwinkieTheKid21 · first_market_sell 100 wood |
| 37:19 | Bear_Pig_Man · first_market_sell 100 food |
| 37:55 | ragas0 · first_building Castle |
| 39:05 | Bear_Pig_Man · wall_segment Stone Wall x7 |
| 39:13 | TwinkieTheKid21 · age_up imperial |
| 39:13 | hitmanvoodly · age_up imperial |
| 39:38 | Andy Garcia · first_building Castle |
| 39:43 | Uzzman · age_up imperial |
| 40:56 | Bear_Pig_Man · age_up imperial |
| 42:00 | TwinkieTheKid21 · first_market_buy 100 food |
| 46:41 | Andy Garcia · first_building Monastery |
| 47:06 | Doorm9 · wall_segment Palisade Wall x7 |
| 47:11 | Andy Garcia · first_building Barracks |
| 47:21 | ragas0 · wall_segment Stone Wall x19 |
| 47:31 | Andy Garcia · first_building Stable |
| 47:31 | Doorm9 · wall_segment Palisade Wall x1 |
| 50:17 | ragas0 · first_building Archery Range |
| 50:52 | Uzzman · first_market_sell 500 wood |
| 51:20 | ragas0 · wall_segment Stone Wall x13 |
| 51:28 | ragas0 · wall_segment Stone Wall x6 |
| 55:46 | ragas0 · age_up imperial |
| 56:51 | Doorm9 · wall_segment Palisade Wall x1 |
| 57:25 | Doorm9 · age_up imperial |
| 58:30 | Doorm9 · wall_segment Palisade Wall x26 |
| 59:43 | Doorm9 · first_building Castle |
| 63:42 | Bear_Pig_Man · wall_segment Stone Wall x26 |
| 75:58 | Andy Garcia · first_market_sell 500 wood |
[ ANÁLISIS IA · 1 CRÉDITO ]
¿Qué pasó realmente en esta partida?
Wolo.gg analiza cada decisión: build order, eco, micro, errores típicos por bracket. Análisis personalizado por WhatsApp o Discord en 30 segundos.
Guía civ
Francos
Perfil
Jugador #516556